 Dungeon Crawl Stone Soup version 0.29.1-12-g30fa7ad0bf (webtiles) character file.

Game seed: 15403346149993796217

11 hawla the Chiller (level 2, -6/20 HPs)
             Began as a Meteoran Ice Elementalist on Dec 15, 2022.
             Killed from afar by a white imp (8 damage)
             ... with a puff of frost
             ... on level 4 of the Dungeon.
             The game lasted 00:01:46 (469 turns).

hawla the Chiller (Meteoran Ice Elementalist)        Turns: 469, Time: 00:01:47

Health: -6/20      AC:  2    Str:  8    XL:     2   Next: 58%
Magic:  4/6        EV: 16    Int: 20    God:
Gold:   50         SH:  0    Dex: 13    Spells: 5/6 levels left

rFire   . . .      SeeInvis .   f - +3 dagger
rCold   . . .      Faith    .   (no shield)
rNeg    . . .      Spirit   .   a - +0 robe
rPois   .          Reflect  .   (no helmet)
rElec   +          Harm     .   (no cloak)
rCorr   .          Rampage  .   (no gloves)
Will    .....                   (no boots)
Stlth   +.........              (no amulet)
HPRegen 0.06/turn               g - +4 ring of evasion
MPRegen 0.10/turn               (no ring)

@: glowing, unable to read
A: sense surroundings 1, otherworldly, glowing, explore regen, clever 1,
electricity resistance, inability to read after injury 1
a: no special abilities


You were on level 4 of the Dungeon.
You visited 1 branch of the dungeon, and saw 4 of its levels.

You collected 50 gold pieces.

Inventory:

Hand Weapons
 f - a +3 dagger (weapon)
Armour
 a - a +0 robe (worn)
Jewellery
 g - a +4 ring of evasion (left hand)
Potions
 b - a potion of magic
 c - a potion of mutation
 e - a potion of curing {unknown}


   Skills:
 + Level 2.5 Dodging
 - Level 1.4 Stealth
 + Level 2.7 Spellcasting
 + Level 4.9 Ice Magic


You had 5 spell levels left.
You knew the following spells:

 Your Spells              Type           Power      Damage    Failure   Level
a - Freeze                Ice            88%        1d10      1%          1

Your spell library contained the following spells:

 Spells                   Type           Power      Damage    Failure   Level
 Frozen Ramparts          Ice            44%        1d7       6%          3
 Ozocubu's Armour         Ice            22%        N/A       6%          3
 Hailstorm                Conj/Ice       12%        3d5       45%         4


Dungeon Overview and Level Annotations

Branches:
Dungeon (4/15) Zot: 1931
 Temple: D:4-7

Altars:


Innate Abilities, Weirdness & Mutations

You passively map a small area around you.
You are easily found by Zot.
You glow in the dark.
You regain HP and MP as you explore.
Your mind is acute. (Int +4, Str/Dex -1)
You are resistant to electric shocks. (rElec)
You occasionally lose the ability to read scrolls when taking damage.


Message History

You are too injured to fight recklessly!
g - a +4 ring of evasion (left hand)
The white imp barely misses you.
You closely miss the white imp.
The white imp hits you but does no damage.
You hit the white imp.
The white imp is moderately wounded.
The white imp hits you but does no damage.
You hit the white imp but do no damage.
The white imp is moderately wounded.
The giant cockroach waves its antennae.
The giant cockroach closely misses you. The white imp barely misses you.
You hit the white imp.
The white imp is severely wounded.
The giant cockroach closely misses you.
The white imp laughs crazily.
The white imp hits you. The white imp freezes you.
You feel threatened and lose the ability to read scrolls!
* * * LOW HITPOINT WARNING * * *
Casting: Freeze (safe; 1% risk of failure)
Confirm with . or Enter, or press ? or * to list all spells.
Aiming: Freeze (safe; 1% risk of failure)
Press: ? - help, Shift-Dir - straight line, f - white imp
Aim: a white imp (severely wounded)
You freeze the white imp.
The white imp resists.
The white imp is almost dead.
The giant cockroach misses you. The white imp closely misses you.
The giant cockroach misses you.
Casting: Freeze (safe; 1% risk of failure)
Confirm with . or Enter, or press ? or * to list all spells.
Aiming: Freeze (safe; 1% risk of failure)
Press: ? - help, Shift-Dir - straight line, f/p - white imp
Aim: a white imp (almost dead)
You freeze the white imp but do no damage.
The white imp completely resists.
You can read scrolls again.
The white imp gestures at you. The puff of frost hits you!
You feel threatened and lose the ability to read scrolls!
You die...

, * #.##### *
#.#...### ,
#.......# , **
#)....... ,
,,*####.......#
* * ..........#
, *#.5B.....# *
#.@......#
#........#
#<.#.#####
##..[# ##.## *
* .# , .# , *.#


You could see a white imp and a giant cockroach.

Vanquished Creatures
  A giant cockroach (D:2)
  5 goblins
  A quokka (D:1)
  A ball python (D:2)
  A frilled lizard (D:3)
  A rat (D:2)
10 creatures vanquished.

Notes
Turn   | Place    | Note
-------+----------+-------------------------------------------
     0 | D:1      | hawla the Meteoran Ice Elementalist began the quest for the
                  | Orb.
     0 | D:1      | Reached XP level 1. HP: 14/14 MP: 5/5
    18 | D:1      | Reached XP level 2. HP: 16/20 MP: 1/6
   399 | D:3      | Gained mutation: You are somewhat resistant to further
                  | mutation. [potion of mutation]
   399 | D:3      | Gained mutation: Your body sometimes deteriorates upon
                  | taking damage. [potion of mutation]
   400 | D:3      | Lost mutation: Your body sometimes deteriorates upon taking
                  | damage. [potion of mutation]
   400 | D:3      | Lost mutation: You are somewhat resistant to further
                  | mutation. [potion of mutation]
   400 | D:3      | Gained mutation: You are resistant to electric shocks.
                  | (rElec) [potion of mutation]
   400 | D:3      | Gained mutation: You occasionally lose the ability to read
                  | scrolls when taking damage. [potion of mutation]
   400 | D:3      | Gained mutation: Your mind is acute. (Int +4, Str/Dex -1)
                  | [potion of mutation]
   469 | D:4      | Killed from afar by a white imp

Illustrated notes

Levels and vault maps discovered:
D:1:      dpeg_arrival_tiny_h, layout_basic, minmay_pentomino_r2
D:2:      layout_loops_ring
D:3:      layout_basic, general_overflow_altar,
          hellmonk_ecumenical_altar_defaced_shrine, serial_shops, shop,
          minmay_pentomino_pile, uniq_sigmund
D:4:      layout_loops_cross, lemuel_tele_altar, kennysheep_crisscross,
          nrook_campfire

Action                   || total
-------------------------++-------
Melee: Unarmed           ||     1
       Dagger            ||     7
 Cast: Freeze            ||    16
  Use: Scroll            ||     3
       Potion            ||     2
Armor: Robe              ||     4
Dodge: Dodged            ||    13
